 Dungeon Crawl Stone Soup version 0.29.0-15-g675c0067aa (webtiles) character file.

Game seed: 14705174724735528018

273 xian the Shooter (level 6, -2/48 HPs)
             Began as a Barachi Hunter on Sept 12, 2022.
             Slain by an orc
             ... wielding a +0 flail
              (7 damage)
             ... on level 4 of the Dungeon.
             The game lasted 00:07:18 (2506 turns).

xian the Shooter (Barachi Hunter)                   Turns: 2506, Time: 00:07:18

Health: -2/48      AC:  5    Str: 14    XL:     6   Next: 24%
Magic:  6/6        EV: 12    Int:  9    God:
Gold:   177        SH:  0    Dex: 11    Spells: 5/5 levels left

rFire   . . .      SeeInvis .   a - +0 shortbow
rCold   . . .      Faith    .   (shield currently unavailable)
rNeg    . . .      Spirit   .   m - +1 leather armour of Vexation {Rampage Dex-5 Slay+3}
rPois   .          Reflect  .   (no helmet)
rElec   .          Harm     .   (no cloak)
rCorr   .          Rampage  +   (no gloves)
Will    .....                   l - +0 pair of boots
Stlth   +.........              (no amulet)
HPRegen 0.16/turn               j - ring of flight
MPRegen 0.10/turn               s - ring of wizardry

@: unable to hop, flying, slow
A: amphibious, slowness 1, strong legs 1, +LOS
a: Hop


You were on level 4 of the Dungeon.
You visited 1 branch of the dungeon, and saw 4 of its levels.

You collected 177 gold pieces.

Inventory:

Hand Weapons
 a - a +0 shortbow (weapon)
 t - a +2 morningstar of holy wrath
Armour
 l - a +0 pair of boots (worn)
 m - the +1 leather armour of Vexation (worn) {Rampage Dex-5 Slay+3}
   (You found it on level 2 of the Dungeon)

   Dex:       It affects your dexterity (-5).
   Slay:      It affects your accuracy & damage with ranged weapons and melee
   (+3).
   Rampage:   It bestows one free step when moving towards enemies.
 q - an orb of mayhem
Jewellery
 j - a ring of flight (left hand)
 s - a ring of wizardry (right hand)
Scrolls
 b - a scroll of immolation
 c - 2 scrolls of teleportation {unknown}
 g - 4 scrolls of identify {unknown}
 h - a scroll of enchant armour {unknown}
 i - 2 scrolls of silence {unknown}
 n - a scroll of noise {unknown}
 r - a scroll of poison {unknown}
Potions
 d - 2 potions of curing
 e - 2 potions of ambrosia {unknown}
 k - a potion of berserk rage {unknown}
 o - a potion of flight {unknown}
 p - a potion of degeneration {unknown}


   Skills:
 + Level 3.6 Fighting
 + Level 6.4 Ranged Weapons
 + Level 1.7 Armour
 + Level 2.6 Dodging
 + Level 1.2 Stealth


You had 5 spell levels left.
You didn't know any spells.
Your spell library contained the following spells:

 Spells                   Type           Power      Damage    Failure   Level
 Sandblast                Erth           0%         2d4       21%         1
 Summon Small Mammal      Summ           0%         N/A       21%         1
 Blink                    Tloc           0%         N/A       28%         2
 Ensorcelled Hibernation  Hex/Ice        0%         N/A       28%         2
 Passwall                 Tmut/Erth      0%         N/A       28%         2
 Call Canine Familiar     Summ           0%         N/A       50%         3
 Stone Arrow              Conj/Erth      0%         3d7       50%         3
 Summon Guardian Golem    Hex/Summ       0%         N/A       50%         3
 Swiftness                Air            0%         N/A       50%         3
 Manifold Assault         Tloc           0%         N/A       99%         5
 Storm Form               Tmut/Air       0%         N/A       100%        7


Dungeon Overview and Level Annotations

Branches:
Dungeon (4/15)
 Temple: D:4-7

Altars:
Dithmenos
Xom


Innate Abilities, Weirdness & Mutations

You are amphibious.
You cover ground slowly.
You can hop short distances.
You have an extended range of vision and can be seen from far away.


Message History

You shoot an arrow. The arrow hits the orc.
The orc is severely wounded.
The orc hits you but does no damage.
Fire: a) +0 shortbow
Press: ? - help, Q - select action, (/) - cycle Shift-Dir - straight line, f/p - orc
Aim: an orc, wielding a +0 club (severely wounded, 64% to hit)
You shoot an arrow. The arrow hits the orc.
You kill the orc!
The orc closely misses you.
Fire: a) +0 shortbow
Press: ? - help, Q - select action, (/) - cycle Shift-Dir - straight line, f - orc
Aim: an orc, wielding a +0 flail, wearing a +0 ring mail and quivering boomerangs (68% to hit)
You shoot an arrow. The arrow closely misses the orc.
The orc barely misses you.
Okay, then.
Fire: a) +0 shortbow
Press: ? - help, Q - select action, (/) - cycle Shift-Dir - straight line, f/p - orc
Aim: an orc, wielding a +0 flail, wearing a +0 ring mail and quivering boomerangs (68% to hit)
You shoot an arrow. The arrow barely misses the orc.
The orc hits you with a +0 flail.
Fire: a) +0 shortbow
Press: ? - help, Q - select action, (/) - cycle Shift-Dir - straight line, f/p - orc
Aim: an orc, wielding a +0 flail, wearing a +0 ring mail and quivering boomerangs (68% to hit)
You shoot an arrow.
The arrow hits the orc but does no damage.
The orc hits you with a +0 flail!
* * * LOW HITPOINT WARNING * * *
Fire: a) +0 shortbow
Press: ? - help, Q - select action, (/) - cycle Shift-Dir - straight line, f/p - orc
Aim: an orc, wielding a +0 flail, wearing a +0 ring mail and quivering boomerangs (68% to hit)
You shoot an arrow. The arrow barely misses the orc.
The orc hits you but does no damage. The orc hits you with a +0 flail.
* * * LOW HITPOINT WARNING * * *
Fire: a) +0 shortbow
Press: ? - help, Q - select action, (/) - cycle Shift-Dir - straight line, f/p - orc
Aim: an orc, wielding a +0 flail, wearing a +0 ring mail and quivering boomerangs (68% to hit)
You shoot an arrow.
The arrow hits the orc but does no damage.
The orc hits you with a +0 flail!
You die...

#.# #...#### ...###......#
#..........### ...........
.)......# #...... #..).#
#...)# ##########.#@######
...........o......###########
##########...##..†.......†...
#######.....#........######
...................#.###
#########.###......#...# #.#
#....#####.# #># ####...#...#
#.# ###.#.###


You could see an orc.

Vanquished Creatures
  A scorpion (D:3)
  3 orc priests
  An iguana (D:3)
  5 adders
  A dart slug (D:4)
  4 orcs
  3 ball pythons
  4 bats
  5 endoplasms
  A giant cockroach (D:3)
  3 goblins
  3 hobgoblins
  7 kobolds
  3 quokkas
  3 frilled lizards
  11 rats
58 creatures vanquished.

Vanquished Creatures (others)
  A withered plant (D:1)
1 creature vanquished.

Grand Total: 59 creatures vanquished

Notes
Turn   | Place    | Note
-------+----------+-------------------------------------------
     0 | D:1      | xian the Barachi Hunter began the quest for the Orb.
     0 | D:1      | Reached XP level 1. HP: 17/17 MP: 1/1
     0 | D:1      | Found a faded altar of an unknown god.
   142 | D:1      | Reached XP level 2. HP: 23/23 MP: 2/2
   485 | D:1      | Reached XP level 3. HP: 28/28 MP: 3/3
   545 | D:2      | Found a shimmering altar of Xom.
   587 | D:2      | Identified the +1 leather armour of Vexation {Rampage Dex-5
                  | Slay+3}
  1023 | D:3      | Reached skill level 5 in Ranged Weapons
  1027 | D:3      | Reached skill level 1 in Stealth
  1215 | D:3      | Found a shadowy altar of Dithmenos.
  1231 | D:3      | Reached XP level 4. HP: 34/34 MP: 4/4
  1667 | D:3      | Reached skill level 1 in Armour
  1901 | D:3      | Noticed a scorpion
  1906 | D:3      | Killed a scorpion
  1907 | D:3      | Reached XP level 5. HP: 41/41 MP: 5/5
  2009 | D:3      | Reached skill level 6 in Ranged Weapons
  2491 | D:4      | Reached XP level 6. HP: 47/47 MP: 6/6
  2506 | D:4      | Slain by an orc

Illustrated notes

Levels and vault maps discovered:
D:1:      dpeg_arrival_arbitrary_c, layout_rooms,
          ebering_ecumenical_altar_petrified, hex_large
D:2:      layout_rooms, basic_altar
D:3:      layout_loops_corners, mainiacjoe_overflow_small_starburst
D:4:      layout_loops_ring, nicolae_overflow_quartered_altars,
          minmay_temple_entry_trees

Skill      XL: |  1  2  3  4  5 |
---------------+----------------+-----
Ranged Weapons | 5 6 |  6.4
Stealth        | 1 |  1.2
Fighting       | 3 |  3.6
Armour         | 1 |  1.7
Dodging        | |  2.6

Action                   |  1- 3 |  4- 6 || total
-------------------------+-------+-------++-------
 Fire: Shortbow          |    91 |    69 ||   160
 Abil: Hop               |       |     1 ||     1
  Use: Potion            |     1 |       ||     1
Armor: Leather armour    |    14 |     8 ||    22
Dodge: Dodged            |    31 |    22 ||    53
